 Dungeon Crawl Stone Soup version 0.30.1-4-g462c640d31 (webtiles) character file.

Game seed: 3132403902196153201

5545 safid the Frost Mage (level 10, -3/83 HPs)
             Began as a Merfolk Ice Elementalist on Sept 11, 2023.
             Was an Initiate of Vehumet.
             Shot with an arrow by a centaur (8 damage)
             ... on level 8 of the Dungeon on Sept 12, 2023.
             The game lasted 00:20:42 (9455 turns).

safid the Frost Mage (Merfolk Ice Elementalist)     Turns: 9455, Time: 00:20:43

Health: -3/83      AC: 10    Str:  9    XL:     10   Next: 71%
Magic:  22/22      EV: 15    Int: 19    God:    Vehumet [......]
Gold:   454        SH:  0    Dex: 14    Spells: 18/25 levels left

rFire   + . .        o - +2 whip (venom)
rCold   . . .        (no shield)
rNeg    . . .        i - +1 robe {rF+}
rPois   .            (no helmet)
rElec   .            (no cloak)
rCorr   +            (no gloves)
SInv    .            d - +2 pair of boots
Will    .....        c - amulet of magic regeneration
Stlth   ++           f - ring of resist corrosion
HPRegen 0.33/turn    q - +4 ring of protection
MPRegen 0.58/turn

%: no passive effects
@: lethally poisoned (-3 -> -6)
A: (nimble swimmer 2), mertail
a: Renounce Religion


You were on level 8 of the Dungeon.
You worshipped Vehumet.
Vehumet was noncommittal.
You visited 2 branches of the dungeon, and saw 9 of its levels.
You also visited: Sewer.

You collected 454 gold pieces.

Inventory:

Hand Weapons
 o - a +2 whip of venom (weapon)
Armour
 d - a +2 pair of boots (worn)
 i - a +1 robe of fire resistance (worn)
Jewellery
 c - an amulet of magic regeneration (around neck)
 f - a ring of resist corrosion (left hand)
 q - a +4 ring of protection (right hand)
Wands
 u - a wand of mindburst (10)
Scrolls
 e - a scroll of blinking {unknown}
 l - a scroll of silence {unknown}
 p - 2 scrolls of amnesia
 v - 4 scrolls of teleportation
 x - a scroll of enchant weapon {unknown}
 y - a scroll of magic mapping {unknown}
 z - a scroll of fog {unknown}
 B - a scroll of acquirement {unknown}
 C - a scroll of fear {unknown}
Potions
 a - a potion of heal wounds
 b - a potion of magic
 h - 2 potions of lignification {unknown}
 j - a potion of brilliance {unknown}
 k - a potion of resistance {unknown}
 m - 2 potions of might
 n - 2 potions of berserk rage
 t - a potion of cancellation {unknown}
 w - 2 potions of curing
 A - 2 potions of mutation


   Skills:
 + Level 9.2 Fighting
 - Level 8.0 Dodging
 - Level 2.1 Stealth
 - Level 8.0 Spellcasting
 + Level 10.3 Ice Magic


You had 18 spell levels left.
You knew the following spells:

 Your Spells              Type           Power      Damage    Failure   Level
a - Freeze                Ice            100%       1d10      1%          1
b - Frozen Ramparts       Ice            92%        1d14      1%          3
c - Ozocubu's Armour      Ice            46%        N/A       1%          3

Your spell library contained the following spells:

 Spells                   Type           Power      Damage    Failure   Level
 Foxfire                  Conj/Fire      28%        2x1d5     9%          1
 Necrotise                Necr           28%        1d5       9%          1
 Summon Ice Beast         Ice/Summ       27%        N/A       11%         4
 Inner Flame              Hex/Fire       7%         N/A       26%         3
 Vampiric Draining        Necr           7%         2d6       26%         3
 Flame Wave               Conj/Fire      7%         2d5       65%         4
 Sticky Flame             Conj/Fire      7%         2d3       65%         4
 Agony                    Necr           7%         N/A       94%         5
 Fireball                 Conj/Fire      3%         3d4       94%         5
 Plasma Beam              Fire/Air       3%         2x1d15    100%        6
 Starburst                Conj/Fire      3%         6d3       100%        6


Dungeon Overview and Level Annotations

Branches:
Dungeon (8/15)             Temple (1/1) D:7           Sewer (visited)
   Lair: D:8-11

Altars:
Ashenzari
Cheibriados
Dithmenos
Elyvilon
Fedhas
Gozag
Hepliaklqana
Kikubaaqudgha
Makhleb
Nemelex Xobeh
Okawaru
Qazlal
Ru
Sif Muna
Trog
Uskayaw
Vehumet
Wu Jian
Xom
Zin
The Shining One

Shops:
D:5 :

Annotations:
D:3 1 runed translucent door, Crazy Yiuf
D:4 3 runed translucent doors, Shake04's ghost, amateur VSFi
D:7 2 transporters
D:8 Maurice


Innate Abilities, Weirdness & Mutations

((You are very nimble when in or above water. (Stealth+, EV+, Speed+++)))
Your lower body shifts to a powerful aquatic tail in water.


Message History

You hear a bow twang.
An arrow appears from out of thin air!
The arrow hits you.
You hear a zap.
Something tries to affect you, but you resist.
You hear a bow twang.
An arrow appears from out of thin air!
The arrow hits you but does no damage.
You hear a bow twang.
An arrow appears from out of thin air!
The arrow hits you.
You hear a bow twang.
An arrow appears from out of thin air!
The arrow hits you!
An arrow appears from out of thin air!
The arrow barely misses you.
The killer bee buzzes angrily.
An arrow appears from out of thin air!
The arrow hits you. The killer bee misses you.
The killer bee closely misses you. The killer bee barely misses you.
The centaur shouts!
You hit the killer bee.
The killer bee is poisoned.
The killer bee is moderately wounded.
The killer bee stings you!
You are poisoned.
The killer bee poisons you! The killer bee barely misses you.
The killer bee misses you.
You hit the killer bee but do no damage.
The killer bee looks as sick as possible!
The killer bee is heavily wounded.
You feel sick.
You kill the killer bee!
Vehumet accepts your kill.
The centaur shoots an arrow.
The arrow misses you.
You hear a zap.
Something tries to affect you, but you resist.
You feel sick.
The centaur shoots an arrow.
The arrow hits you!
* * * LOW HITPOINT WARNING * * *
You hear a bow twang.
An arrow appears from out of thin air!
The arrow hits you!
* * * LOW HITPOINT WARNING * * *
You see here a killer bee corpse.
Unknown command.
You feel sick.
The centaur shoots an arrow.
The arrow hits you!
You die...

##...........#
##..........##
###..........#
#............#
#...........##
####..........##
#.#..........#.##
.#.#.#...........###
.#.#.#..........@..#####
...#.#..........†...#..#
#....................).#
#......................#
.......#..............##
#......##..c.8.....8.##
#......#.............#
.......#.............#
^..##.#..............#


You could see a centaur.

Vanquished Creatures
  A boulder beetle (D:7)
  Joseph (D:7)
  2 hornets
  2 wyverns (D:7)
  2 steam dragons
  Duvessa (D:6)
  3 water moccasins
  2 sky beasts (D:7)
  An ice beast (D:6)
  3 orc warriors
  3 ogres
  2 centaurs
  2 phantoms
  2 kobold brigands
  3 bullfrogs
  A gnoll sergeant (D:7)
  A scorpion (D:5)
  13 wights
  Dowan (D:6)
  2 killer bees
  A howler monkey (D:8)
  2 electric eels (D:7)
  4 orc priests
  2 jellies
  A gnoll bouda (D:7)
  4 iguanas
  Terence (D:2)
  Ijyb (D:3)
  6 orc wizards
  10 gnolls
  7 adders
  2 river rats (D:4)
  A white imp (D:6)
  2 ufetubi
  3 worms
  2 dart slugs
  23 orcs
  5 bats
  4 endoplasms
  2 giant cockroaches
  4 goblins
  13 hobgoblins
  8 jackals
  5 quokkas
  9 ball pythons
  6 frilled lizards
  17 kobolds
  10 rats
203 creatures vanquished.

Notes
Turn   | Place    | Note
-------+----------+-------------------------------------------
     0 | D:1      | safid the Merfolk Ice Elementalist began the quest for the
                  | Orb.
     0 | D:1      | Reached XP level 1. HP: 13/13 MP: 3/3
   265 | D:1      | Reached XP level 2. HP: 20/20 MP: 1/5
   390 | D:1      | Reached skill level 1 in Fighting
   757 | D:1      | Reached XP level 3. HP: 26/26 MP: 6/6
   761 | D:1      | Learned a level 3 spell: Frozen Ramparts
  1033 | D:2      | Learned a level 3 spell: Ozocubu's Armour
  1103 | D:2      | Reached skill level 5 in Ice Magic
  1103 | D:2      | Reached XP level 4. HP: 33/33 MP: 1/8
  1366 | D:2      | Noticed Terence
  1377 | D:2      | Killed Terence
  1985 | D:3      | Found a shadowy altar of Dithmenos.
  1985 | D:3      | Found a stormy altar of Qazlal.
  2009 | D:3      | Reached XP level 5. HP: 39/39 MP: 9/9
  2164 | D:3      | Noticed Ijyb
  2177 | D:3      | Killed Ijyb
  2412 | D:3      | Found a glowing silver altar of Zin.
  2897 | D:3      | Found a runed translucent door.
  2898 | D:3      | Noticed Crazy Yiuf
  2973 | D:4      | Found a runed translucent gate.
  2975 | D:4      | Found a runed translucent gate.
  2975 | D:4      | Found a runed translucent gate.
  2977 | D:4      | Noticed Shake04's ghost (amateur VSFi)
  2979 | D:4      | Noticed an orc warrior
  2981 | D:4      | Noticed an ogre
  3075 | D:4      | Found a glowing drain.
  3091 | Sewer    | Entered a sewer
  3143 | Sewer    | Reached XP level 6. HP: 44/47 MP: 7/11
  3210 | Sewer    | Noticed a water moccasin
  3221 | Sewer    | Killed a water moccasin
  3360 | D:4      | Reached skill level 6 in Ice Magic
  3600 | D:4      | Noticed an orc warrior
  3606 | D:4      | Reached XP level 7. HP: 40/54 MP: 6/13
  4198 | D:5      | Entered Level 5 of the Dungeon
  4266 | D:5      | Found Buocze's Vocational Training.
  4273 | D:5      | Reached XP level 8. HP: 61/61 MP: 7/15
  4486 | D:5      | Reached skill level 5 in Fighting
  4489 | D:5      | Reached skill level 5 in Dodging
  4489 | D:5      | Reached skill level 7 in Ice Magic
  5118 | D:6      | Reached skill level 5 in Spellcasting
  5276 | D:6      | Noticed Dowan
  5278 | D:6      | Noticed Duvessa
  5298 | D:6      | Killed Dowan
  5342 | D:6      | Killed Duvessa
  5511 | D:6      | Reached XP level 9. HP: 61/69 MP: 15/17
  5646 | D:6      | Reached skill level 8 in Ice Magic
  5947 | D:6      | Found a snail-covered altar of Cheibriados.
  6250 | D:6      | Found a white marble altar of Elyvilon.
  6395 | D:7      | Found a transporter.
  6517 | D:7      | Found a transporter.
  6846 | D:7      | Noticed Joseph
  6864 | D:7      | Killed Joseph
  6865 | D:7      | Reached skill level 9 in Ice Magic
  7009 | D:7      | Reached XP level 10. HP: 80/80 MP: 13/20
  7387 | D:7      | Found a shimmering blue altar of Sif Muna.
  7389 | D:7      | Paralysed by a hornet for 2 turns
  7659 | D:7      | Noticed a boulder beetle
  7715 | D:7      | Killed a boulder beetle
  7864 | D:7      | Found a staircase to the Ecumenical Temple.
  7935 | Temple   | Entered the Ecumenical Temple
  8010 | Temple   | Became a worshipper of Vehumet
  8215 | D:7      | Found a bloodstained altar of Trog.
  8388 | D:8      | Reached skill level 10 in Ice Magic
  8900 | D:8      | Noticed Maurice
  9455 | D:8      | Shot with an arrow by a centaur

Illustrated notes

Levels and vault maps discovered:
D:1:      minmay_arrival_three_doors, layout_basic, reono_crystal_passage,
          chequers_serial_rivers_micro_a
D:2:      layout_loops_ring, uniq_terence
D:3:      layout_loops_ring, lemuel_crystal_altar,
          amethyst_overflow_temple_binary, dreamdust_princess_bridge,
          minmay_quantized, uniq_crazy_yiuf_cottage, uniq_ijyb
D:4:      layout_loops_ring, gammafunk_ghost_split, portal_sewer_entry_c,
          grunt_ministairs_3, nicolae_nh_ransacked_shop
D:5:      layout_loops_ring, nicolae_shop_vocational
D:6:      layout_basic, old_standard_altar, kennysheep_mini_moat, st_stairs_1,
          chequers_serial_rivers_room_a, corexii_leaking_fountain, uniq_duvessa
D:7:      gammafunk_steamed_eel, layout_loops_ring,
          lemuel_coloured_pillars_altar, kennysheep_little_box,
          minmay_temple_entry_gardened_gates, serial_bayou_ford_a,
          grunt_ministairs_12, uniq_joseph
D:8:      layout_cave_pools, st_stairs_1, grunt_decor_fettered,
          kennysheep_generic_room_16, uniq_maurice
Temple:   nicolae_temple_great_sept

Skill      XL: |  1  2  3  4  5  6  7  8  9 10 |
---------------+-------------------------------+-----
Fighting       | 1 2 3 4 6 7 9 |  9.2
Ice Magic      | 5 6 7 9 10 | 10.3
Spellcasting   | 3 4 5 6 8 |  8.0
Dodging        | 3 4 6 8 |  8.0
Stealth        | |  2.1

Action                     |  1- 3 |  4- 6 |  7- 9 | 10-12 || total
---------------------------+-------+-------+-------+-------++-------
  Melee: Club              |     9 |       |       |       ||     9
         Unarmed           |     1 |       |       |       ||     1
         Dagger            |    58 |     3 |       |       ||    61
         Punch             |     1 |     1 |     2 |     6 ||    10
         Whip              |       |   153 |   175 |   186 ||   514
   Cast: Freeze            |    29 |     8 |    11 |     6 ||    54
         Frozen Ramparts   |     2 |     9 |    35 |    25 ||    71
         Ozocubu's Armour  |       |     4 |    21 |    16 ||    41
    Use: Scroll            |       |       |    10 |     3 ||    13
         Potion            |       |       |     2 |     4 ||     6
   Stab: Sleeping          |     3 |     6 |     2 |     1 ||    12
         Distracted        |       |     1 |       |       ||     1
 Armour: Robe              |    47 |    53 |    77 |    76 ||   253
  Dodge: Dodged            |    85 |    94 |   189 |   164 ||   532
